| TOP OF THE 1ST |
|
Las Vegas 51s batting - Pitching for Syracuse Chiefs : RHP Julio Pizano
|
|
Pitching: RHP Julio Pizano
|
|
|
Batting: LHB Jose Chavez
|
0-0: Called Strike 0-1: Ball 1-1: Ball 2-1: Ball 3-1: Called Strike 3-2: Foul Ball, location: 2F 3-2: Base on Balls
|
|
Batting: LHB Elmo Dreier
|
0-0: Ball Jose Chavez steals 2nd base 1-0: Ball 2-0: Called Strike 2-1: Foul Ball, location: 2F 2-2: Fly out, F9 (Line Drive, 9, EV 89.4 MPH)
|
|
Batting: RHB Josh Jones
|
0-0: Foul Ball, location: 2F 0-1: Ball 1-1: Ball 2-1: Ball 3-1: Base on Balls
|
|
Batting: RHB Billy Walker
|
0-0: Called Strike 0-1: Foul Ball, location: 2F 0-2: Foul Ball, location: 2F 0-2: Ball 1-2: SINGLE (Groundball, 56S, EV 77.5 MPH) (infield hit) Jose Chavez to third Josh Jones to second
|
|
Batting: RHB Masaya Nakamura
|
0-0: SINGLE (Groundball, 6M, EV 108.8 MPH) Jose Chavez scores Josh Jones to third Billy Walker to second Runner from 3rd tries for Home, SAFE, throw by CF to home
|
|
Batting: RHB Mike Phillips
|
0-0: Ball 1-0: Ball 2-0: Called Strike 2-1: Fly out, F9 (Flyball, 89D, EV 95.0 MPH) Runner from 2nd tags up, SAFE at 3rd, no throw by RF
|
|
Batting: RHB Bobby Coulombe
|
0-0: Foul Ball, location: 2F 0-1: Ball 1-1: Swinging Strike 1-2: Foul Ball, location: 2F 1-2: Ball 2-2: Fly out, F9 (Flyball, 89S, EV 85.6 MPH)
|
| Top of the 1st over - 2 runs, 2 hits, 0 errors, 2 left on base; Las Vegas 2 - Syracuse 0 |
| BOTTOM OF THE 1ST |
|
Syracuse Chiefs batting - Pitching for Las Vegas 51s : RHP Brian Wood
|
|
Pitching: RHP Brian Wood
|
|
|
Batting: RHB Adam Burke
|
0-0: Ball 1-0: Fly out, F8 (Flyball, 8LS, EV 85.6 MPH)
|
|
Batting: LHB Jae-ik Soung
|
0-0: Foul Ball, location: 2F 0-1: Ground out 4-3 (Groundball, 4, EV 87.5 MPH)
|
|
Batting: LHB Dana McDonald
|
0-0: Called Strike 0-1: DOUBLE (Line Drive, 9LM, EV 106.9 MPH)
|
|
Batting: LHB Dillon Gonzalez
|
0-0: Ball 1-0: Foul Ball, location: 2F 1-1: Called Strike 1-2: DOUBLE (Line Drive, 9LM, EV 108.1 MPH) Dana McDonald scores
|
|
Batting: RHB Nate Dickinson
|
0-0: Called Strike 0-1: Fly out, F8 (Line Drive, 8RM, EV 84.4 MPH)
|
| Bottom of the 1st over - 1 run, 2 hits, 0 errors, 1 left on base; Las Vegas 2 - Syracuse 1 |
| TOP OF THE 2ND |
|
Las Vegas 51s batting - Pitching for Syracuse Chiefs : RHP Julio Pizano
|
|
Batting: RHB Larry Shoop
|
0-0: Ball 1-0: Ball 2-0: SINGLE (Groundball, 56, EV 103.8 MPH)
|
|
Batting: RHB Gang-sheng Chew
|
0-0: Called Strike 0-1: Called Strike 0-2: Ball 1-2: Ball 2-2: Foul Ball, location: 2F 2-2: Grounds into double play, 5-4-3 (Groundball, 56, EV 103.8 MPH)
|
|
Batting: LHB Jose Chavez
|
0-0: Called Strike 0-1: Ball 1-1: Ball 2-1: Foul Ball, location: 2F 2-2: Ball 3-2: Foul Ball, location: 2F 3-2: Fly out, F7 (Flyball, 7S, EV 80.0 MPH)
|
| Top of the 2nd over - 0 runs, 1 hit, 0 errors, 0 left on base; Las Vegas 2 - Syracuse 1 |
| BOTTOM OF THE 2ND |
|
Syracuse Chiefs batting - Pitching for Las Vegas 51s : RHP Brian Wood
|
|
Batting: RHB Donovan Auclair
|
0-0: Called Strike 0-1: Swinging Strike 0-2: Strikes out swinging
|
|
Batting: SHB Alex Ethridge
|
0-0: Fly out, F7 (Flyball, 7, EV 90.0 MPH)
|
|
Batting: RHB Niek de Haan
|
0-0: Called Strike 0-1: Ball 1-1: Foul Ball, location: 2F 1-2: Foul Ball, location: 2F 1-2: SINGLE (Line Drive, 7S, EV 108.1 MPH)
|
|
Batting: RHB Brennan Cameron
|
0-0: Called Strike Niek de Haan steals 2nd base 0-1: Called Strike 0-2: DOUBLE (Line Drive, 89XD, EV 111.2 MPH) Niek de Haan scores
|
|
Batting: RHB Adam Burke
|
0-0: Ball 1-0: Ball 2-0: Called Strike 2-1: Ball 3-1: Base on Balls
|
|
Pitching: RHP John Mason
|
|
|
Batting: LHB Jae-ik Soung
|
0-0: Called Strike 0-1: Foul Ball, location: 2F 0-2: Ball 1-2: Foul Ball, location: 2F 1-2: TRIPLE (Line Drive, 9D, EV 105.6 MPH) Brennan Cameron scores Adam Burke scores
|
|
Batting: LHB Dana McDonald
|
0-0: Foul Ball, location: 2F 0-1: Ball 1-1: Foul Ball, location: 2F 1-2: Ball 2-2: Foul Ball, location: 2F 2-2: Foul Ball, location: 2F 2-2: Foul Ball, location: 2F 2-2: Foul Ball, location: 2F 2-2: Foul Ball, location: 2F 2-2: Ball 3-2: Base on Balls
|
|
Batting: LHB Dillon Gonzalez
|
0-0: Ball 1-0: Ball 2-0: Foul Ball, location: 2F 2-1: Called Strike 2-2: Strikes out looking
|
| Bottom of the 2nd over - 3 runs, 3 hits, 0 errors, 2 left on base; Las Vegas 2 - Syracuse 4 |
| TOP OF THE 3RD |
|
Las Vegas 51s batting - Pitching for Syracuse Chiefs : RHP Julio Pizano
|
|
Batting: LHB Elmo Dreier
|
0-0: Ground out 5-3 (Groundball, 5L, EV 88.1 MPH)
|
|
Batting: RHB Josh Jones
|
0-0: Ball 1-0: Swinging Strike 1-1: Ball 2-1: Ball 3-1: Base on Balls
|
|
Batting: RHB Billy Walker
|
0-0: Ball 1-0: Grounds into double play, 5-4-3 (Groundball, 56, EV 101.2 MPH)
|
| Top of the 3rd over - 0 runs, 0 hits, 0 errors, 0 left on base; Las Vegas 2 - Syracuse 4 |
| BOTTOM OF THE 3RD |
|
Syracuse Chiefs batting - Pitching for Las Vegas 51s : RHP John Mason
|
|
Batting: RHB Nate Dickinson
|
0-0: Ball 1-0: Foul Ball, location: 2F 1-1: Foul Ball, location: 2F 1-2: Ball 2-2: SINGLE (Groundball, 56D, EV 105.6 MPH)
|
|
Batting: RHB Donovan Auclair
|
0-0: Ball Nate Dickinson is caught stealing 2nd base 2-4 1-0: Ball 2-0: Swinging Strike 2-1: Swinging Strike 2-2: Foul Ball, location: 2F 2-2: Ball 3-2: Strikes out swinging
|
|
Batting: SHB Alex Ethridge
|
0-0: Foul Ball, location: 2F 0-1: Called Strike 0-2: Ball 1-2: Foul Ball, location: 2F 1-2: Fly out, F7 (Line Drive, 78M, EV 102.5 MPH)
|
| Bottom of the 3rd over - 0 runs, 1 hit, 0 errors, 0 left on base; Las Vegas 2 - Syracuse 4 |
| TOP OF THE 4TH |
|
Las Vegas 51s batting - Pitching for Syracuse Chiefs : RHP Julio Pizano
|
|
Batting: RHB Masaya Nakamura
|
0-0: Called Strike 0-1: Foul Ball, location: 2F 0-2: Ball 1-2: Strikes out swinging
|
|
Batting: RHB Mike Phillips
|
0-0: Foul Ball, location: 2F 0-1: Called Strike 0-2: Foul Ball, location: 2F 0-2: Ball 1-2: Ball 2-2: Strikes out looking
|
|
Batting: RHB Bobby Coulombe
|
0-0: Swinging Strike 0-1: Called Strike 0-2: SINGLE (Groundball, 56, EV 101.2 MPH)
|
|
Batting: RHB Larry Shoop
|
0-0: Called Strike 0-1: SINGLE (Groundball, 6MD, EV 83.1 MPH) (infield hit) Bobby Coulombe to second
|
|
Batting: RHB Gang-sheng Chew
|
0-0: Ball 1-0: Ball 2-0: Called Strike 2-1: Ball 3-1: SINGLE (Groundball, 56S, EV 63.1 MPH) (infield hit) Bobby Coulombe to third Larry Shoop to second
|
|
Batting: LHB Jose Chavez
|
0-0: Fly out, F9 (Flyball, 9LMF, EV 79.4 MPH)
|
| Top of the 4th over - 0 runs, 3 hits, 0 errors, 3 left on base; Las Vegas 2 - Syracuse 4 |
| BOTTOM OF THE 4TH |
|
Syracuse Chiefs batting - Pitching for Las Vegas 51s : RHP John Mason
|
|
Batting: RHB Niek de Haan
|
0-0: Foul Ball, location: 2F 0-1: Called Strike 0-2: Ball 1-2: Foul Ball, location: 2F 1-2: Ground out 6-3 (Groundball, 15, EV 85.6 MPH)
|
|
Batting: RHB Brennan Cameron
|
0-0: Called Strike 0-1: Ball 1-1: Ground out 5-3 (Groundball, 56S, EV 76.2 MPH)
|
|
Batting: RHB Adam Burke
|
0-0: SINGLE (Line Drive, 9S, EV 98.8 MPH)
|
|
Batting: LHB Jae-ik Soung
|
0-0: Called Strike Adam Burke steals 2nd base (no throw) 0-1: Ground out 5-3 (Groundball, 5L, EV 89.4 MPH)
|
| Bottom of the 4th over - 0 runs, 1 hit, 0 errors, 1 left on base; Las Vegas 2 - Syracuse 4 |
| TOP OF THE 5TH |
|
Las Vegas 51s batting - Pitching for Syracuse Chiefs : RHP Julio Pizano
|
|
Batting: LHB Elmo Dreier
|
0-0: Ball 1-0: Ball 2-0: Ball 3-0: Base on Balls
|
|
Batting: RHB Josh Jones
|
0-0: Ball Elmo Dreier is caught stealing 2nd base 2-4 1-0: Foul Ball, location: 2F 1-1: Ball 2-1: Foul Ball, location: 2F 2-2: Ground out 6-3 (Groundball, 6, EV 80.6 MPH)
|
|
Batting: RHB Billy Walker
|
0-0: Ball 1-0: Foul Ball, location: 2F 1-1: Called Strike 1-2: Strikes out swinging
|
| Top of the 5th over - 0 runs, 0 hits, 0 errors, 0 left on base; Las Vegas 2 - Syracuse 4 |
| BOTTOM OF THE 5TH |
|
Syracuse Chiefs batting - Pitching for Las Vegas 51s : RHP John Mason
|
|
Batting: LHB Dana McDonald
|
0-0: Called Strike 0-1: Ball 1-1: Ball 2-1: Ground out 6-3 (Groundball, 6, EV 85.6 MPH)
|
|
Batting: LHB Dillon Gonzalez
|
0-0: Ball 1-0: Foul Ball, location: 2F 1-1: Called Strike 1-2: Strikes out swinging
|
|
Batting: RHB Nate Dickinson
|
0-0: Ball 1-0: Ball 2-0: SOLO HOME RUN (Flyball, 7D, EV 100.6 MPH), Distance : 373 ft
|
|
Batting: RHB Donovan Auclair
|
0-0: Ball 1-0: Ball 2-0: Foul Ball, location: 2F 2-1: Ball 3-1: Base on Balls
|
|
Pitching: RHP Hugo Valentin
|
|
|
Batting: SHB Alex Ethridge
|
0-0: Called Strike 0-1: Ball 1-1: Ball 2-1: SINGLE (Groundball, 6M, EV 106.9 MPH) (infield hit) Donovan Auclair to second
|
|
Batting: RHB Niek de Haan
|
0-0: Called Strike 0-1: Ball 1-1: Called Strike 1-2: Ball 2-2: Strikes out swinging
|
| Bottom of the 5th over - 1 run, 2 hits, 0 errors, 2 left on base; Las Vegas 2 - Syracuse 5 |
| TOP OF THE 6TH |
|
Las Vegas 51s batting - Pitching for Syracuse Chiefs : RHP Julio Pizano
|
|
Pitching: RHP Bill Stump
|
|
|
Batting: RHB Masaya Nakamura
|
0-0: Called Strike 0-1: SINGLE (Groundball, 56D, EV 99.4 MPH)
|
|
Batting: RHB Mike Phillips
|
0-0: Fielders Choice at 2nd, 6-4 (Groundball, 6, EV 106.9 MPH)
|
|
Batting: RHB Bobby Coulombe
|
0-0: Ball 1-0: Foul Ball, location: 2F 1-1: Ball 2-1: Ball 3-1: Base on Balls Mike Phillips to second
|
|
Batting: RHB Larry Shoop
|
0-0: Called Strike 0-1: Ball 1-1: Ball 2-1: Called Strike 2-2: SINGLE (Groundball, 56D, EV 94.4 MPH) Mike Phillips to third Bobby Coulombe to second Runner from 3rd tries for Home, SAFE, throw by LF to home
|
|
Batting: RHB Gang-sheng Chew
|
0-0: Grounds into double play, 6-4-3 (Groundball, 6, EV 78.1 MPH)
|
| Top of the 6th over - 1 run, 2 hits, 0 errors, 1 left on base; Las Vegas 3 - Syracuse 5 |
| BOTTOM OF THE 6TH |
|
Syracuse Chiefs batting - Pitching for Las Vegas 51s : RHP Hugo Valentin
|
|
Batting: RHB Brennan Cameron
|
0-0: Called Strike 0-1: Ball 1-1: Ball 2-1: Called Strike 2-2: Ground out 5-3 (Groundball, 56, EV 84.4 MPH)
|
|
Batting: RHB Adam Burke
|
0-0: Ball 1-0: Ball 2-0: Ball 3-0: Base on Balls
|
|
Batting: LHB Jae-ik Soung
|
0-0: Ball 1-0: Called Strike 1-1: Called Strike Adam Burke steals 2nd base 1-2: Strikes out swinging
|
|
Batting: LHB Dana McDonald
|
0-0: Ball 1-0: Foul Ball, location: 2F 1-1: Fly out, F5 (Flyball, 56D, EV 90.0 MPH)
|
| Bottom of the 6th over - 0 runs, 0 hits, 0 errors, 1 left on base; Las Vegas 3 - Syracuse 5 |
| TOP OF THE 7TH |
|
Las Vegas 51s batting - Pitching for Syracuse Chiefs : RHP Bill Stump
|
|
Batting: LHB Jose Chavez
|
0-0: Called Strike 0-1: Ball 1-1: Ball 2-1: Ball 3-1: Base on Balls
|
|
Batting: LHB Elmo Dreier
|
0-0: Called Strike Jose Chavez steals 2nd base 0-1: Ball 1-1: Called Strike 1-2: Ball 2-2: Ground out 6-3 (Groundball, 6S, EV 90.0 MPH) Jose Chavez to third
|
|
Batting: RHB Josh Jones
|
0-0: Called Strike 0-1: Called Strike 0-2: Ball 1-2: Ball 2-2: SINGLE (Groundball, 34, EV 94.4 MPH) Jose Chavez scores
|
|
Batting: RHB Billy Walker
|
0-0: Ball 1-0: Ball 2-0: Fly out, F9 (Flyball, 89M, EV 95.6 MPH)
|
|
Batting: RHB Masaya Nakamura
|
0-0: Ball 1-0: Ball Wild Pitch! Josh Jones to second 2-0: Ball 3-0: Called Strike 3-1: Swinging Strike 3-2: Strikes out looking
|
| Top of the 7th over - 1 run, 1 hit, 0 errors, 1 left on base; Las Vegas 4 - Syracuse 5 |
| BOTTOM OF THE 7TH |
|
Syracuse Chiefs batting - Pitching for Las Vegas 51s : RHP Hugo Valentin
|
|
Batting: LHB Dillon Gonzalez
|
0-0: Ball 1-0: Ball 2-0: Ball 3-0: Called Strike 3-1: Fly out, F9 (Flyball, 9D, EV 93.1 MPH)
|
|
Batting: RHB Nate Dickinson
|
0-0: Called Strike 0-1: Swinging Strike 0-2: Strikes out looking
|
|
Batting: RHB Donovan Auclair
|
0-0: Called Strike 0-1: Ball 1-1: Ball 2-1: Called Strike 2-2: Ball 3-2: Foul Ball, location: 2F 3-2: Foul Ball, location: 2F 3-2: Base on Balls
|
|
Batting: SHB Alex Ethridge
|
0-0: Ground out 4-3 (Groundball, 34S, EV 86.2 MPH)
|
| Bottom of the 7th over - 0 runs, 0 hits, 0 errors, 1 left on base; Las Vegas 4 - Syracuse 5 |
| TOP OF THE 8TH |
|
Las Vegas 51s batting - Pitching for Syracuse Chiefs : RHP Bill Stump
|
|
Pitching: RHP Ruben Nevarel
|
|
|
Batting: RHB Mike Phillips
|
0-0: Called Strike 0-1: Ball 1-1: Ball 2-1: Ground out 4-3 (Groundball, 34, EV 106.9 MPH)
|
|
Batting: RHB Bobby Coulombe
|
0-0: Ball 1-0: Foul Ball, location: 2F 1-1: Swinging Strike 1-2: Strikes out swinging
|
|
Batting: RHB Larry Shoop
|
0-0: Ball 1-0: Ground out 4-3 (Groundball, 4, EV 105.6 MPH)
|
| Top of the 8th over - 0 runs, 0 hits, 0 errors, 0 left on base; Las Vegas 4 - Syracuse 5 |
| BOTTOM OF THE 8TH |
|
Syracuse Chiefs batting - Pitching for Las Vegas 51s : RHP Hugo Valentin
|
|
Pitching: RHP Marc Maniu
|
|
|
Batting: RHB Niek de Haan
|
0-0: Foul Ball, location: 2F 0-1: Ball 1-1: Foul Ball, location: 2F 1-2: Hit by Pitch
|
|
Batting: RHB Brennan Cameron
|
0-0: Called Strike 0-1: Bunt - Flyout to 2L - DP at third! 2-3
|
|
Batting: RHB Adam Burke
|
0-0: SINGLE (Line Drive, 89S, EV 100.6 MPH)
|
|
Batting: LHB Jae-ik Soung
|
0-0: Fielders Choice at 2nd, 6-4 (Groundball, 6, EV 82.5 MPH)
|
| Bottom of the 8th over - 0 runs, 1 hit, 0 errors, 1 left on base; Las Vegas 4 - Syracuse 5 |
| TOP OF THE 9TH |
|
Las Vegas 51s batting - Pitching for Syracuse Chiefs : RHP Ruben Nevarel
|
|
Pitching: LHP Jake Richards
|
|
|
Batting: RHB Gang-sheng Chew
|
0-0: Foul Ball, location: 2F 0-1: Ball 1-1: Foul Ball, location: 2F 1-2: Ball 2-2: Foul Ball, location: 2F 2-2: Foul Ball, location: 2F 2-2: Strikes out swinging
|
|
Pinch Hitting: RHB David Stayton
|
0-0: Called Strike 0-1: Foul Ball, location: 2F 0-2: Foul Ball, location: 2F 0-2: Strikes out swinging
|
|
Pinch Hitting: RHB Bobby Mabrey
|
0-0: Ball 1-0: Ball 2-0: Swinging Strike 2-1: Fly out, F8 (Flyball, 8RM, EV 83.1 MPH)
|
| Top of the 9th over - 0 runs, 0 hits, 0 errors, 0 left on base; Las Vegas 4 - Syracuse 5 |
|